 Dungeon Crawl Stone Soup version 0.24-a0-441-g27f0392e16 (webtiles) character file.

Game seed: 16559199918404382126

218 gruber the Conjurer (level 5, -5/31 HPs)
             Began as an Octopode Conjurer on June 19, 2019.
             Slain by a crocodile (13 damage)
             ... in a sewer.
             The game lasted 00:05:26 (2973 turns).

gruber the Conjurer (Octopode Conjurer)             Turns: 2973, Time: 00:05:27

Health: -5/31      AC:  1    Str:  8    XL:     5   Next: 95%
Magic:  2/8        EV: 13    Int: 23    God:
Gold:   177        SH:  0    Dex: 12    Spells: 3/9 levels left

rFire    + . .     SeeInvis +   a - +1 dagger (venom)
rCold    . . .     Gourm    .   (no shield)
rNeg     . . .     Faith    .   (helmet restricted)
rPois    .         Spirit   .   (no amulet)
rElec    .         Reflect  .   o - ring of protection from fire
rCorr    .         Harm     .   p - +5 ring of intelligence
MR       .....                  s - ring of flight
Stlth    +++.......             q - ring of see invisible
HPRegen  0.10/turn              (no ring)
MPRegen  0.11/turn              (no ring)
                                (no ring)
                                (no ring)

@: no status effects
A: almost no armour, stealthy swim, amphibious, 8 rings, constrict 8, camouflage
1, gelatinous body 1
a: Evoke Flight


You were in a sewer.
You were very hungry.

You visited 1 branch of the dungeon, and saw 3 of its levels.
You also visited: Sewer.

You collected 177 gold pieces.

Inventory:

Hand Weapons
 a - a +1 dagger of venom (weapon)
Missiles
 r - 8 poisoned darts (quivered)
Jewellery
 o - a ring of protection from fire (left tentacle)
 p - a +5 ring of intelligence (right tentacle)
 q - a ring of see invisible (on tentacle)
 s - a ring of flight (on tentacle)
Scrolls
 c - 3 scrolls of immolation {unknown}
 e - 2 scrolls of teleportation {unknown}
 h - a scroll of enchant armour {unknown}
 j - 3 scrolls of remove curse {unknown}
 k - 3 scrolls of magic mapping {unknown}
Potions
 d - a potion of haste
 g - a potion of mutation
 l - a potion of heal wounds {unknown}
 m - a potion of resistance
 n - a potion of ambrosia
Comestibles
 b - 4 rations


   Skills:
 - Level 2.0 Dodging
 - Level 2.6 Stealth
 + Level 2.5 Spellcasting
 + Level 6.7 Conjurations


You had 3 spell levels left.
You knew the following spells:

 Your Spells              Type           Power        Failure   Level  Hunger
a - Magic Dart            Conj           ####         1%          1    None
b - Searing Ray           Conj           ####..       1%          2    ##.....
c - Dazzling Spray        Conj/Hex       ###...       9%          3    ###....

Your spell library contained the following spells:

 Spells                   Type           Power        Failure   Level  Hunger
 Iskenderun's Mystic Bla  Conj           ####....     8%          4    ####...
 Force Lance              Conj/Tloc      ###.....     30%         4    ####...
 Fulminant Prism          Conj/Hex       ###.......   30%         4    ####...


Dungeon Overview and Level Annotations

Branches:
Dungeon (3/15)

Altars:
Xom


Innate Abilities, Weirdness & Mutations

You cannot wear most types of armour.
You are very stealthy in the water. (Stealth+)
You are amphibious.
You can wear up to eight rings at the same time.
You can use your tentacles to constrict eight enemies at once.
Your skin changes colour to match your surroundings (Stealth+).
Your rubbery body absorbs attacks. (AC +1, EV +1)


Message History

The crocodile bites you.
Without enough magic to sustain it, your searing ray dissipates.
The crocodile closely misses you. The crocodile closely misses you.
The crocodile closely misses you. The crocodile closely misses you.
The crocodile bites you!
Ouch! That really hurt!
* * * LOW HITPOINT WARNING * * *
The crocodile closely misses you.
Casting: Searing Ray (safe; 1% risk of failure)
Confirm with . or Enter, or press ? or * to list all spells.
Aiming: Searing Ray (safe; 1% risk of failure)
Press: ? - help, Shift-Dir - straight line, f/p - crocodile
Aim: a crocodile (severely wounded)
The searing ray hits the crocodile.
The crocodile is severely wounded. (Press . to maintain the ray.)
The crocodile bites you!
You die...

#.≈# #..# #..#
#..# #.≈## ##≈≈#
#...# #...#
##..###..##
#.≈≈#≈..#
##≈...≈##
#..t..# ##.@≈##
#.≈.# ##!## #≈#
####≈####
####...≈...#####
#≈≈≈≈≈≈≈≈≈≈≈≈≈≈#
####.......#####
###..#..#######


You could see a crocodile.

Vanquished Creatures
  A hound (D:3)
  Natasha (thrice) (D:2)
  A gnoll (D:3)
  A river rat (D:3)
  2 adders
  2 oozes (D:3)
  3 worms
  A dart slug (D:3)
  A leopard gecko (D:3)
  2 orcs (D:3)
  5 giant cockroaches
  5 goblins
  7 hobgoblins
  2 jackals (Sewer)
  A ball python (D:1)
  7 bats
  5 frilled lizards
  7 kobolds
  8 rats
64 creatures vanquished.

Notes
Turn   | Place    | Note
-------+----------+-------------------------------------------
     0 | D:1      | gruber the Octopode Conjurer began the quest for the Orb.
     0 | D:1      | Reached XP level 1. HP: 11/11 MP: 3/3
   222 | D:1      | Reached XP level 2. HP: 17/17 MP: 5/5
   925 | D:2      | Reached XP level 3. HP: 21/21 MP: 6/6
  1046 | D:2      | Found a shimmering altar of Xom.
  1082 | D:2      | Reached skill level 5 in Conjurations
  1251 | D:2      | Noticed Natasha
  1256 | D:2      | Learned a level 2 spell: Searing Ray
  1260 | D:2      | Learned a level 3 spell: Dazzling Spray
  1269 | D:2      | Killed Natasha
  1269 | D:2      | Reached XP level 4. HP: 13/27 MP: 0/7
  1590 | D:2      | Noticed Natasha
  1593 | D:2      | Killed Natasha
  1677 | D:2      | Noticed Natasha
  1739 | D:2      | Killed Natasha
  1799 | D:3      | Reached XP level 5. HP: 29/31 MP: 8/8
  1833 | D:3      | Reached skill level 6 in Conjurations
  2522 | D:3      | Found a glowing drain.
  2529 | Sewer    | Entered a sewer
  2848 | Sewer    | Noticed a crocodile
  2973 | Sewer    | Slain by a crocodile

Levels and vault maps discovered:
D:1:      dpeg_arrival_chambers_temple_mockup, layout_basic
D:2:      layout_loops_ring, nicolae_overflow_crystal_walls, uniq_natasha
D:3:      kennysheep_six_static_rooms, layout_basic, lightli_sewer_entry_pipes,
          minmay_fractal_squares_diagonal_5
Sewer:    sewer_the_crocodile

Skill      XL: |  1  2  3  4  5 |
---------------+----------------+-----
Conjurations   | 5 6 |  6.7
Dodging        | |  2.0
Stealth        | |  2.6
Spellcasting   | |  2.5

Action                   |  1- 3 |  4- 6 || total
-------------------------+-------+-------++-------
Melee: Dagger            |    45 |    57 ||   102
       Constrict         |    10 |    15 ||    25
       Tentacles         |     4 |    11 ||    15
 Cast: Magic Dart        |     3 |     8 ||    11
       Searing Ray       |     1 |    10 ||    11
  Use: Scroll            |       |     5 ||     5
 Stab: Sleeping          |    11 |     6 ||    17
  Eat: Ration            |       |     1 ||     1
       Chunk             |       |     2 ||     2
Armor: Skin              |       |     8 ||     8
Dodge: Dodged            |    28 |    47 ||    75

Table legend:
 A = Non-vault XP
 B = Vault XP
 C = Vault XP percentage of total XP
 D = Non-vault monster count
 E = Vault monster count
 F = Vault count percentage of total count
                 A         B        C        D         E       F
            +---------+---------+-------+---------+---------+-------
      Total |     164 |     148 |  47.4 |      40 |      24 |  37.5
            +---------+---------+-------+---------+---------+-------
        D:1 |      21 |       0 |   0.0 |      14 |       0 |   0.0
        D:2 |     104 |      36 |  25.7 |      15 |       1 |   6.2
        D:3 |      39 |     104 |  72.7 |      11 |      18 |  62.1
      Sewer |       0 |       8 | 100.0 |       0 |       5 | 100.0
            +---------+---------+-------+---------+---------+-------
